 Dungeon Crawl Stone Soup version 0.19.0-11-g3fc08b3 (webtiles) character file.

4 thirtiethelement the Magician (level 1, -1/13 HPs)
             Began as an Octopode Wanderer on Nov 10, 2016.
             Slain by a hobgoblin
             ... wielding a +0 club
              (7 damage)
             ... on level 1 of the Dungeon.
             The game lasted 00:01:14 (85 turns).

thirtiethelement the Magician (Octopode Wanderer)     Turns: 85, Time: 00:01:14

Health: -1/13      AC:  1    Str: 13    XL:     1   Next: 70%
Magic:  2/3        EV: 12    Int: 13    God:
Gold:   34         SH:  4    Dex: 10    Spells: 2 memorised, 2 levels left

rFire  . . .     SeeInvis .     d - +0 club
rCold  . . .     Gourm    .     c - +1 buckler
rNeg   . . .     Faith    .     (helmet restricted)
rPois  .         Spirit   .     (no amulet)
rElec  .         Reflect  .     (no ring)
rCorr  .         Harm     .     (no ring)
MR     .....                    (no ring)
Stlth  +++.......               (no ring)
                                (no ring)
                                (no ring)
                                (no ring)
                                (no ring)

@: no status effects
A: almost no armour, stealthy swim, amphibious, 8 rings, constrict 8, camouflage
1, gelatinous body 1
a: no special abilities


You were on level 1 of the Dungeon.
You were not hungry.

You visited 1 branch of the dungeon, and saw 1 of its levels.

You collected 34 gold pieces.

Inventory:

Hand Weapons
 d - a +0 club (weapon)
Armour
 c - a +1 buckler (worn)
Potions
 e - a potion of degeneration {unknown}
Books
 a - a book of Minor Magic

   Spells                             Type                      Level
   a - Magic Dart                     Conjuration                  1
   b - Blink                          Translocation                2
   c - Call Imp                       Summoning                    2
   d - Repel Missiles                 Charms/Air                   2
   e - Slow                           Hexes                        2
   f - Conjure Flame                  Conjuration/Fire             3
   g - Mephitic Cloud                 Conjuration/Poison/Air       3
 b - the Disquisition on Changing

   Spells                             Type                      Level
   a - Beastly Appendage              Transmutation                1
   b - Ignite Poison                  Fire/Transmutation/Poison    3
Comestibles
 f - a bread ration


   Skills:
 + Level 1.1 Fighting
 + Level 1.1 Dodging
 + Level 1.3 Stealth
 + Level 1.0 Shields
 + Level 2.2 Spellcasting
   Level 1.0 Charms
   Level 2.0 Summonings
   Level 1.1 Evocations


You had 2 spell levels left.
You knew the following spells:

 Your Spells              Type           Power        Failure   Level  Hunger
a - Beastly Appendage     Tmut           #.....       38%         1    ##.....
b - Magic Dart            Conj           #...         38%         1    ##.....


Dungeon Overview and Level Annotations

Branches:
Dungeon (1/15)

Altars:


Innate Abilities, Weirdness & Mutations

You cannot wear most types of armour.
You are very stealthy in the water. (Stealth+)
You are amphibious.
You can wear up to eight rings at the same time.
You can use your tentacles to constrict eight enemies at once.
Your skin changes colour to match your surroundings (Stealth+).
Your rubbery body absorbs attacks. (AC +1, EV +1)


Message History

You see here a short sword.
You now have 34 gold pieces (gained 16).
g - a scroll labeled MEIDWU UTAAVE
As you read the scroll labeled MEIDWU UTAAVE, it crumbles to dust.
You hear a loud clanging noise!
It was a scroll of noise.
You hear a shout!
Found a spear.
A hobgoblin comes into view. It is wielding a club.
Your magical contamination has completely faded away.
Found 10 gold pieces.
You closely miss the hobgoblin. Your grab misses the hobgoblin.
The hobgoblin barely misses you.
You barely miss the hobgoblin. You grab the hobgoblin.
You constrict the hobgoblin, but do no damage.
The hobgoblin hits you with a club.
You hit the hobgoblin but do no damage. You constrict the hobgoblin.
The hobgoblin hits you with a club!
Ouch! That really hurt!
You die...

##.########
#.###.........#
#.......).....#
#####..†......#
..............#
#####.....)...#
#.........#
#.........#
#.@.......#
##g######## #.#
... .... ).....
...... .....$.


You could see a hobgoblin.

Vanquished Creatures
  2 jackals (D:1)
  2 frilled lizards (D:1)
  A kobold (D:1)
5 creatures vanquished.

Notes
Turn   | Place    | Note
-------+----------+-------------------------------------------
     0 | D:1      | thirtiethelement the Octopode Wanderer began the quest for the Orb.
     0 | D:1      | thirtiethelement set off with: a book of Minor Magic, the Disquisition on Changing, a +0 buckler, a +0 club, a bread ration
     0 | D:1      | Reached XP level 1. HP: 13/13 MP: 3/3
     2 | D:1      | Learned a level 1 spell: Beastly Appendage
     4 | D:1      | Learned a level 1 spell: Magic Dart
    85 | D:1      | Slain by a hobgoblin

Action                   || total
-------------------------++-------
Melee: Club              ||    11
       Constrict         ||     2
       Tentacles         ||     1
 Cast: Magic Dart        ||     4
  Use: Scroll            ||     3
Armor: Skin              ||     1
Dodge: Dodged            ||     3
Block: Buckler           ||     3
